 Dungeon Crawl Stone Soup version 0.15-a0-717-ga3c592f (webtiles) character file.

63 4tharraofdagon the Chopper (level 3, 0/31 HPs)
             Began as a Minotaur Gladiator on May 10, 2014.
             Killed from afar by an orc wizard (5 damage)
             ... with a magic dart
             ... on Level 5 of the Dungeon.
             The game lasted 00:03:03 (521 turns).

4tharraofdagon the Chopper (Minotaur Gladiator)      Turns: 521, Time: 00:03:03

HP   0/31        AC  7     Str 19      XL: 3   Next: 89%
MP   2/2         EV 10     Int  6      God:
Gold 91          SH  0     Dex 10      Spells:  0 memorised,  2 levels left

rFire  . . .     SeeInvis .     a - +0 war axe
rCold  + . .     Clarity  .     m - +0 ring mail
rNeg   . . .     Conserve .     (no shield)
rPois  .         rCorr    .     c - +0 hat
rElec  .         rRot     .     (no cloak)
SustAb . .       Spirit   .     (no gloves)
rMut   .         Warding  .     k - +1 pair of boots
Gourm  +         Stasis   .     p - amulet of the gourmand
MR     .....                    (no ring)
                                j - ring of protection from cold

@: invisible, very slightly contaminated, not resistant to hostile enchantments,
extremely unstealthy
A: retaliatory headbutt, horns 2
a: no special abilities


You were on level 5 of the Dungeon.
You were not hungry.

You visited 1 branch of the dungeon, and saw 5 of its levels.

You collected 91 gold pieces.

Inventory:

Hand weapons
 a - a +0,+0 war axe (weapon)
Missiles
 i - 16 darts of flame (quivered)
Armour
 b - a +0 leather armour
 c - a +0 hat (worn)
 k - a +1 pair of boots (worn)
 m - a +0 ring mail (worn)
Magical devices
 l - a wand of teleportation (1)
Comestibles
 f - 2 bread rations
 g - a pear
 h - a meat ration
Scrolls
 e - 2 scrolls of identify {unknown}
 n - a scroll of noise {unknown}
 r - a scroll of random uselessness {unknown}
 s - a scroll of fear {unknown}
Jewellery
 j - a ring of protection from cold (left hand)
 p - an amulet of the gourmand (around neck)
Miscellaneous
 t - a plain deck of defence


   Skills:
 + Level 3.2 Fighting
 * Level 4.9 Axes
 - Level 2.0 Throwing
 + Level 1.3 Armour
 - Level 3.2 Dodging
 + Level 0.8 Evocations


You had 2 spell levels left.
You didn't know any spells.

Dungeon Overview and Level Annotations

Branches:
Dungeon (5/15)
 Temple: D:4-7

Altars:
Cheibriados
Nemelex Xobeh


Innate Abilities, Weirdness & Mutations

You reflexively headbutt those who attack you in melee.
You have a pair of horns on your head.


Message History

You miss the orc wizard.
You strike the helpless orc wizard from behind!
You slash the orc wizard!
You kill the orc wizard!
The orc wizard hits you but does no damage.
The orc wizard points at you and mumbles some strange words.
You resist with significant effort.
The orc wizard hits you but does no damage.
The orc wizard barely misses you.
Unknown command.
Unknown command.
You hit the orc wizard but do no damage.
You hit the orc wizard. You headbutt the orc wizard.
The orc wizard is almost dead.
The orc wizard casts a spell at you. The magic dart hits you!
* * * LOW HITPOINT WARNING * * *
The orc wizard points at you and mumbles some strange words.
The magic dart hits you!
You die...

..>.#.#.# . .........
# #..#.#.#o. #
#.........o #
#..#.#.#. . # .
#...... .# ##.#
#....# ..# ##.#
#..()####...# ##.#
#(..o@.....(# ##.#
#...o%...o..# ...#
#...######..# ...#
#...#. .#
...#########...#....
......##..##...#....#
...........#...#....+
.....%.....#...#....#
...........##).#....#


You could see 3 orc wizards.

Vanquished Creatures
  An orc wizard (D:5)
  2 giant mites (D:5)
  An adder skeleton (D:5)
  An ooze (D:2)
  An orc (D:5)
  A giant cockroach (D:1)
  A hobgoblin (D:5)
  A quokka (D:5)
  3 bats (D:1)
  A giant newt (D:5)
  2 goblins
  2 kobolds
  4 rats
21 creatures vanquished.

Notes
Turn   | Place    | Note
--------------------------------------------------------------
     0 | D:1      | 4tharraofdagon, the Minotaur Gladiator, began the quest for the Orb.
     0 | D:1      | Reached XP level 1. HP: 18/18 MP: 1/1
   167 | D:2      | Reached XP level 2. HP: 16/25 MP: 1/1
   216 | D:4      | Reached skill level 4 in Axes
   314 | D:4      | Noticed an ogre
   321 | D:4      | Found a snail-covered altar of Cheibriados.
   328 | D:5      | Entered Level 5 of the Dungeon
   424 | D:5      | Reached skill level 1 in Armour
   446 | D:5      | Reached XP level 3. HP: 31/31 MP: 2/2
   460 | D:5      | Found a sparkling altar of Nemelex Xobeh.
   521 | D:5      | Killed from afar by an orc wizard

Action                   || total
-------------------------++-------
Melee: War axe           ||    36
Throw: Throwing net      ||     3
Evoke: Wand              ||     2
  Use: Potion            ||     4
 Stab: Invisible         ||     1

Vault maps used:
D:1:      onia_arrival_pyramid
D:2:      tso_altar, serial_forest, infiniplex_forest_clump_tiny,
          infiniplex_forest_clump_curved, infiniplex_forest_clump_double,
          infiniplex_forest_lined_1, infiniplex_forest_clump_diagonal,
          infiniplex_forest_clump_long, infiniplex_forest_lined_ring,
          infiniplex_forest_clump_medium
D:3:      st_stairs_10
D:4:      cheibriados_altar_wand_db, first_bread
D:5:      overflow_temple_1_default, nemelex_deck, serial_glass,
          glass_columns_c, glass_columns_b, serial_bayou_lagoon_a,
          eino_small_chamber_without_monster, uniq_grinder
